 Dungeon Crawl Stone Soup version 0.22-a0-480-g991dd4b (webtiles) character file.

1843 CougarLife the Cleaver (level 9, -2/82 HPs)
             Began as a Hill Orc Fighter on June 15, 2018.
             Was a Believer of Beogh.
             Slain by a killer bee (5 damage)
             ... on level 6 of the Dungeon.
             The game lasted 00:07:46 (6373 turns).

CougarLife the Cleaver (Hill Orc Fighter)           Turns: 6373, Time: 00:07:47

Health: -2/82      AC:  8    Str: 26 (27) XL:     9   Next: 12%
Magic:  15/15      EV:  7    Int:  5 (8)  God:    Beogh [**....]
Gold:   288        SH:  9    Dex:  8 (10) Spells: 8/8 levels left

rFire    . . .     SeeInvis .   a - +0 war axe
rCold    . . .     Gourm    .   c - +0 shield
rNeg     . . .     Faith    .   b - +0 scale mail
rPois    .         Spirit   .   (no helmet)
rElec    .         Reflect  .   g - +0 cloak
rCorr    .         Harm     .   (no gloves)
MR       .....                  (no boots)
Stlth    ..........             (no amulet)
HPRegen  0.23/turn              (no ring)
MPRegen  0.14/turn              (no ring)

@: mighty, lethally poisoned (-2 -> -4)
A: no striking features
a: Smiting, Renounce Religion


You were on level 6 of the Dungeon.
You worshipped Beogh.
Beogh was pleased with you.
You were near starving.

You visited 1 branch of the dungeon, and saw 7 of its levels.
You also visited: Ossuary.

You collected 288 gold pieces.

Inventory:

Hand Weapons
 a - a +0 war axe (weapon)
Armour
 b - a +0 scale mail (worn)
 c - a +0 shield (worn)
 g - a +0 cloak (worn)
Jewellery
 l - an uncursed amulet of guardian spirit {unknown}
 q - a cursed amulet of inaccuracy {unknown}
 D - an uncursed ring of see invisible {unknown}
Wands
 x - a wand of polymorph (16)
 F - a wand of disintegration (18)
Scrolls
 d - a scroll of immolation {unknown}
 h - a scroll of fear {unknown}
 i - a scroll of enchant armour {unknown}
 n - 3 scrolls of remove curse {unknown}
 r - 2 scrolls of teleportation {unknown}
 s - 3 scrolls of amnesia {unknown}
 w - 2 scrolls of fog {unknown}
 y - 2 scrolls of identify {unknown}
 E - 2 scrolls of random uselessness {unknown}
 H - a scroll of enchant weapon {unknown}
Potions
 e - 4 potions of degeneration
 j - 2 potions of curing
 k - a potion of agility {unknown}
 m - a potion of haste {unknown}
 o - a potion of mutation {unknown}
 p - a potion of lignification {unknown}
 t - 3 potions of invisibility {unknown}
 u - 2 potions of brilliance {unknown}
 v - a potion of flight {unknown}
 z - a potion of ambrosia {unknown}
 A - 3 potions of berserk rage {unknown}
 B - a potion of might
 C - a potion of magic {unknown}
 G - a potion of resistance {unknown}
Comestibles
 f - 12 rations


   Skills:
 + Level 8.9 Fighting
 + Level 9.2 Axes
 - Level 3.2 Armour
 - Level 3.2 Shields
 - Level 8.2 Invocations


You had 8 spell levels left.
You didn't know any spells.
Your spell library was empty.

Dungeon Overview and Level Annotations

Branches:
Dungeon (7/15)             Temple (0/1) D:5

Altars:
Cheibriados
Qazlal
Ru
Trog
Yredelemnul
The Shining One


Message History

You feel better. The killer bee stings you!
* * * LOW HITPOINT WARNING * * *
You block the killer bee's attack. x2
The killer bee stings you but does no damage.
Unknown command.
Okay, then.
You feel very mighty all of a sudden. The killer bee barely misses you.
The killer bee stings you.
* * * LOW HITPOINT WARNING * * *
The killer bee stings you.
* * * LOW HITPOINT WARNING * * *
You are poisoned.
The killer bee poisons you! You block the killer bee's attack.
Your shield prevents you from hitting the killer bee.
The killer bee is severely wounded.
You miss the killer bee.
* * * LOW HITPOINT WARNING * * *
You feel sick. The killer bee barely misses you.
You block the killer bee's attack. x2; The killer bee stings you.
You die...

##...###..## ##.##.#........#
###........# #..#..###....#####
####....#..# #.##.## #.#......#
.# #..#....###....# #.#.####.##
<###...>....##.##### #.#.# #..#
..##.###...........# #...# ##.#
#........#....รท....# #..## #.#
.........#.......y.# #.## #.#
.........#......@..###># #.##
........##......y......#######..#
...#.#####.........#...#......#.#
.................................
..###...###..###..............###
.####.#..........###...#........#
.................................
.............###....#.##......#.#
.......#....####..###.#..######..


You could see 2 killer bees.

Vanquished Creatures
  Grinder (D:6)
  Sigmund (D:2)
  Menkaure (Ossuary)
  A water moccasin (D:6)
  2 ogres
  A black bear (D:4)
  A sky beast (D:6)
  A phantom (D:6)
  A centaur (D:5)
  A bullfrog (D:6)
  A wyvern zombie (D:6)
  A howler monkey (D:4)
  2 crimson imps (D:5)
  A hound (D:5)
  Crazy Yiuf (D:2)
  Jessica (D:3)
  An iguana (D:5)
  An orc wizard (D:3)
  Natasha (thrice) (D:3 D:5)
  A worker ant (D:4)
  3 mummies (Ossuary)
  A worker ant zombie (D:5)
  7 adders
  A river rat (D:3)
  3 shadow imps
  2 oozes
  7 worms
  3 dart slugs
  4 leopard geckos
  10 orcs
  A ball python (D:1)
  7 bats
  8 giant cockroaches
  9 goblins
  3 hobgoblins
  13 jackals
  8 kobolds
  3 quokkas (D:5)
  4 frilled lizards
  4 gnoll skeletons (Ossuary)
  8 gnoll zombies (Ossuary)
  2 goblin skeletons (Ossuary)
  A goblin zombie (Ossuary)
  A hobgoblin skeleton (Ossuary)
  A hobgoblin zombie (Ossuary)
  2 kobold skeletons (Ossuary)
  A kobold zombie (Ossuary)
  A leopard gecko zombie (D:5)
  3 orc skeletons (Ossuary)
  4 orc zombies (Ossuary)
  9 rats
  2 rat skeletons (Ossuary)
  A rat zombie (Ossuary)
161 creatures vanquished.

Vanquished Creatures (others)
  An orc (D:3)
  A gnoll zombie (Ossuary)
  A gnoll skeleton (Ossuary)
  A goblin skeleton (Ossuary)
  A goblin zombie (Ossuary)
  2 hobgoblin skeletons (Ossuary)
  3 hobgoblin zombies (Ossuary)
  5 kobold skeletons (Ossuary)
  A kobold zombie (Ossuary)
  An orc skeleton (Ossuary)
  2 orc zombies (Ossuary)
  A rat skeleton (Ossuary)
  A rat zombie (Ossuary)
21 creatures vanquished.

Grand Total: 182 creatures vanquished

Notes
Turn   | Place    | Note
-------+----------+-------------------------------------------
     0 | D:1      | CougarLife the Hill Orc Fighter began the quest for the Orb.
     0 | D:1      | Reached XP level 1. HP: 19/19 MP: 1/1
    27 | D:1      | Reached skill level 3 in Axes
    27 | D:1      | Reached XP level 2. HP: 26/27 MP: 2/2
   283 | D:1      | Reached XP level 3. HP: 25/34 MP: 3/3
   521 | D:2      | Reached skill level 4 in Axes
   721 | D:2      | Found a sacrificial altar of Ru.
   727 | D:2      | Noticed Sigmund
   738 | D:2      | Killed Sigmund
   738 | D:2      | Reached skill level 5 in Fighting
   738 | D:2      | Reached skill level 5 in Axes
   738 | D:2      | Reached XP level 4. HP: 44/44 MP: 4/4
   738 | D:2      | Reached XP level 5. HP: 50/50 MP: 5/5
   929 | D:2      | Found a runed door.
  1321 | D:2      | Noticed Crazy Yiuf
  1331 | D:2      | Killed Crazy Yiuf
  1331 | D:2      | Reached skill level 6 in Axes
  1331 | D:2      | Reached XP level 6. HP: 27/57 MP: 6/6
  1611 | D:3      | Noticed Natasha
  1624 | D:3      | Killed Natasha
  1814 | D:3      | Noticed Natasha
  1829 | D:3      | Killed Natasha
  2144 | D:3      | Noticed Jessica
  2149 | D:3      | Killed Jessica
  2184 | D:3      | Became a worshipper of Beogh the Brigand
  2625 | D:3      | Found a glowing golden altar of the Shining One.
  2636 | D:3      | Reached skill level 7 in Axes
  2665 | D:3      | Found a bloodstained altar of Trog.
  2802 | D:4      | Found a sand-covered staircase.
  2807 | Ossuary  | Entered an ossuary
  2841 | Ossuary  | Reached XP level 7. HP: 64/64 MP: 7/7
  2868 | Ossuary  | Reached * piety under Beogh
  3090 | Ossuary  | Noticed Menkaure
  3102 | Ossuary  | Killed Menkaure
  3720 | D:4      | Reached skill level 8 in Axes
  4016 | D:4      | Reached ** piety under Beogh
  4272 | D:5      | Entered Level 5 of the Dungeon
  4285 | D:5      | Reached XP level 8. HP: 74/74 MP: 10/10
  4391 | D:5      | Found a stormy altar of Qazlal.
  4641 | D:5      | Found a staircase to the Ecumenical Temple.
  4641 | D:5      | Noticed Natasha
  4652 | D:5      | Killed Natasha
  4935 | D:5      | Reached skill level 5 in Invocations
  5443 | D:6      | Found a basalt altar of Yredelemnul.
  5973 | D:6      | Noticed Grinder
  6000 | D:6      | Killed Grinder
  6000 | D:6      | Reached skill level 9 in Axes
  6000 | D:6      | Reached XP level 9. HP: 52/82 MP: 11/15
  6232 | D:6      | Found a snail-covered altar of Cheibriados.
  6372 | D:6      | HP: 4/82 [killer bee (2)]
  6373 | D:6      | Slain by a killer bee

Vault maps used:
D:1:      minmay_arrival_arboretum_small
D:2:      nicolae_ru_sacrificial_ziggurat, serial_glass, glass_columns_a,
          glass_columns_a, uniq_crazy_yiuf_cottage, uniq_sigmund
D:3:      nicolae_tso_swordbearing_angel, lightli_temple_of_fire,
          gup_sewer_entry_spiral, minivault_25, minmay_vboxes, uniq_jessica,
          uniq_natasha
D:4:      lightli_ossuary_entry_decrepit_ruins, first_ration
D:5:      kennysheep_mini, minmay_temple_entry_mist
D:6:      lemuel_coloured_pillars_altar, yredelemnul_altar_generic, uniq_grinder
D:7:      lemuel_insect_pit, nicolae_gozag_zags_fifth_avenue, serial_shops,
          nicolae_shop_waterfront, chequers_guarded_unrand_ignorance, uniq_pikel
Ossuary:  ossuary_due_pyramid

Skill      XL: |  1  2  3  4  5  6  7  8 |
---------------+-------------------------+-----
Axes           | 3 5 6 7 8 9 |  9.2
Fighting       | 4 5 6 8 |  8.9
Invocations    | 3 8 |  8.2
Armour         | |  3.2
Shields        | |  3.2

Action                   |  1- 3 |  4- 6 |  7- 9 || total
-------------------------+-------+-------+-------++-------
Melee: War axe           |    71 |   164 |   313 ||   548
Invok: Convert to Beogh  |       |     1 |       ||     1
       Smiting           |       |       |     2 ||     2
  Use: Potion            |     1 |       |     4 ||     5
  Eat: Chunk             |       |     7 |     6 ||    13
       Ration            |       |       |     1 ||     1
Armor: Scale mail        |    26 |    54 |   141 ||   221
Dodge: Dodged            |    24 |    40 |    91 ||   155
Block: Shield            |    36 |    73 |   134 ||   243

Table legend:
 A = Spawn XP
 B = Non-spawn XP
 C = Spawn XP percentage of total XP
 D = Spawn monster count
 E = Non-spawn monster count
 F = Spawn count percentage of total count
 G = Total turns spent on level
                    A         B        C        D         E        F      G
               +---------+---------+-------+---------+---------+-------+---------
         Total |       0 |    2633 |   0.0 |       0 |     158 |   0.0 |  6373
               +---------+---------+-------+---------+---------+-------+---------
           D:1 |       0 |      39 |   0.0 |       0 |      20 |   0.0 |   471
           D:2 |       0 |     317 |   0.0 |       0 |      18 |   0.0 |  1051
           D:3 |       0 |     258 |   0.0 |       0 |      34 |   0.0 |  1207
           D:4 |       0 |     365 |   0.0 |       0 |      14 |   0.0 |   912
           D:5 |       0 |     410 |   0.0 |       0 |      26 |   0.0 |  1414
           D:6 |       0 |     912 |   0.0 |       0 |      13 |   0.0 |   675
           D:7 |       0 |     115 |   0.0 |       0 |       2 |   0.0 |    12
       Ossuary |       0 |     217 |   0.0 |       0 |      31 |   0.0 |   631
               +---------+---------+-------+---------+---------+-------+---------
